 Dungeon Crawl Stone Soup version bcrawl-1.17.3 (webtiles) character file.

Game seed: 15657967190037884493

4036 Freyura the Blocker (level 10, 0/121 HPs)
             Began as a Gnoll Fighter on Oct 23, 2019.
             Was an Initiate of Ashenzari.
             Succumbed to a green ugly thing's poison
             ... on level 8 of the Dungeon.
             The game lasted 00:32:25 (7413 turns).

Freyura the Blocker (Gnoll Fighter)                 Turns: 7413, Time: 00:32:26

Health: 0/121      AC: 35    Str: 19 (20) XL:     10   Next: 24%
Magic:  17/17      EV:  2    Int: 14 (16) God:    Ashenzari [......]
Gold:   36         SH:  0    Dex: 17      Spells: 19/19 levels left

rFire    . . .     SeeInvis .   j - +1 dire flail (protect) (curse)
rCold    . . .     Gourm    .   (shield currently unavailable)
rNeg     + + +     Faith    .   (armour currently unavailable)
rPois    +         Spirit   .   (helmet currently unavailable)
rElec    .         Reflect  .   (cloak currently unavailable)
rCorr    .         Harm     .   (gloves currently unavailable)
MR       +....     NoTele   +   (boots currently unavailable)
Stlth    +++.......             (no amulet)
HPRegen  0.30/turn              k - ring "Qauczur" {-Tele MR+ Str+2 Int+4} (curse)
MPRegen  0.15/turn              u - +3 ring of protection (curse)

@: lethally poisoned (0 -> -3), tree-form, protection aura
A: distributed training, strong nose
a: Curse Item, Renounce Religion


You were on level 8 of the Dungeon.
You worshipped Ashenzari.
Ashenzari was noncommittal.
You were not hungry.
You were a tree.
You visited 2 branches of the dungeon, and saw 9 of its levels.

You collected 697 gold pieces.
You spent 661 gold pieces at shops.

Inventory:

Hand Weapons
 j - a cursed +1 dire flail of protection (weapon)
 m - a +0 morningstar
 x - the +9 hand axe of the Gloaming {antimagic, Int+5}
   (You found it on level 6 of the Dungeon)

   It reduces the magical energy of the wielder, and disrupts the spells and
   magical abilities of those hit.
   Natural abilities and divine invocations are not affected.
   It affects your intelligence (+5).
 C - a +3 eveningstar of draining
Missiles
 D - a throwing net (quivered) {!f}
Armour
 a - a cursed +2 helmet (melded)
 c - a +0 shield
 r - a +0 chain mail
 w - the cursed +0 leather armour "Hiddoucs" (melded) {rN+}
   (You found it on level 6 of the Dungeon)

   It protects you from negative energy.
   It has a curse placed upon it.
 A - a cursed +0 pair of boots (melded)
 B - a cursed +0 cloak (melded)
Magical Staves
 n - an uncursed staff of fire
Jewellery
 k - the cursed ring "Qauczur" (left branch) {-Tele MR+ Str+2 Int+4}
   (You acquired it on level 5 of the Dungeon)

   [ring of protection from magic]

   It affects your strength (+2).
   It affects your intelligence (+4).
   It affects your resistance to hostile enchantments.
   It prevents most forms of teleportation.
   It has a curse placed upon it.
 s - the ring of Suspected Treachery {rCorr SInv}
   (You found it on level 4 of the Dungeon)

   [ring of resist corrosion]

   It lets you see invisible.
   It provides partial protection from all sources of acid and corrosion.
 u - a cursed +3 ring of protection (right branch)
 y - an uncursed ring of resist corrosion
Wands
 q - a wand of digging (9)
Scrolls
 e - 9 scrolls of remove curse
 g - 2 scrolls of blinking
 h - 5 scrolls of identify
 l - 6 scrolls of teleportation
 o - 2 scrolls of fog
 p - 2 scrolls of enchant armour {unknown}
 t - 3 scrolls of immolation
 v - a scroll of magic mapping
 E - a scroll of noise {unknown}
Potions
 d - a potion of might
 i - 2 potions of flight
 z - a potion of berserk rage
Comestibles
 f - 10 rations {!d}


   Skills:
 + Level 8.3 Fighting
 + Level 5.0 Short Blades
 + Level 5.0 Long Blades
 + Level 5.0 Axes
 + Level 6.8 Maces & Flails
 + Level 5.0 Polearms
 + Level 5.0 Staves
 + Level 5.0 Slings
 + Level 5.0 Bows
 + Level 5.0 Crossbows
 + Level 5.0 Throwing
 + Level 8.3 Armour
 + Level 5.0 Dodging
 + Level 5.0 Stealth
 + Level 8.3 Shields
 + Level 5.0 Unarmed Combat
 + Level 5.0 Spellcasting
 + Level 4.1 Conjurations
 + Level 4.1 Hexes
 + Level 4.1 Charms
 + Level 4.1 Summonings
 + Level 4.1 Necromancy
 + Level 4.1 Translocations
 + Level 4.1 Transmutations
 + Level 4.1 Fire Magic
 + Level 4.1 Ice Magic
 + Level 4.1 Air Magic
 + Level 4.1 Earth Magic
 + Level 4.1 Poison Magic
 + Level 5.5 Invocations
 + Level 5.0 Evocations


You had 19 spell levels left.
You didn't know any spells.
Your spell library was empty.

Dungeon Overview and Level Annotations

Branches:
Dungeon (8/12)             Temple (1/1) D:7            Lair (0/6) D:7
    Orc: D:8-11

Altars:
Ashenzari
Cheibriados
Dithmenos
Elyvilon
Fedhas
Gozag
Hepliaklqana
Kikubaaqudgha
Lugonu
Makhleb
Nemelex Xobeh
Okawaru
Qazlal
Ru
Sif Muna
Trog
Uskayaw
Vehumet
Wu Jian
Xom
Yredelemnul
Zin
The Shining One

Shops:
D:5 %(?(   D:6 *!

Annotations:
D:6 3 runed translucent doors, Beldrama's ghost, novice TrMo; pheathergobbo575's ghost, novice FoFi


Innate Abilities, Weirdness & Mutations

Your experience applies equally to all skills.
((You have very sharp teeth.))
Your uncanny sense of smell can sniff out nearby items.


Message History

Your Evocations skill increases to level 5!
* * * LOW HITPOINT WARNING * * *
You feel sick. The adder closely misses you.
You closely miss the adder. The adder closely misses you.
Really quaff the potion of lignification?
You turn into a tree.
Your cursed +0 cloak melds into your body.
Your cursed +2 helmet melds into your body.
Your cursed +0 pair of boots melds into your body.
The cursed +0 leather armour "Hiddoucs" {rN+} melds into your body.
Your roots penetrate the ground.
* * * LOW HITPOINT WARNING * * *
You feel sick. The adder bites you but does no damage.
You puncture the adder!
You kill the adder!
* * * LOW HITPOINT WARNING * * *
You feel sick.
The big kobold throws a stone.
The stone hits you but does no damage.
You cannot move.
You die...

#.....#####...............
#.........................
#.............##..........
#....>........#...........
#...#...####....###+###..#
##.##..## ##..##. ##.# #.
#..## #..##. ###..## #.
#...####.##l#.....# #
##...♣(Kl#ST.#
#######Z#.#.# ∆ #.'##ZZt ∆
#.#.#c#K!. #.#...##.##
..##.#..... ##.. #..###..
##. #. !# . ##


You could see a big kobold, an iguana and a bullfrog skeleton.

Vanquished Creatures
  An ugly thing (D:8)
  Grinder (D:5)
  A hippogriff (D:8)
  Sigmund (D:6)
  5 humans (D:6)
  Eustachio (D:5)
  An orc warrior (D:6)
  An ice beast (D:4)
  3 sky beasts
  2 ogres
  2 necrophages
  A bullfrog (D:7)
  A big kobold (D:6)
  Blork the orc (D:5)
  A gnoll sergeant (D:6)
  6 killer bees (D:7)
  A howler monkey (D:5)
  4 crimson imps
  A gnoll shaman (D:4)
  3 hounds
  7 orc wizards
  Crazy Yiuf (D:7)
  2 centaur skeletons
  Terence (D:3)
  An iguana (D:5)
  5 worker ants
  A hound zombie (D:5)
  3 gnolls (D:6)
  5 adders
  A shadow imp (D:5)
  An ooze (D:4)
  2 adder zombies (D:5)
  5 adder skeletons
  3 worms
  2 dart slugs
  4 leopard geckos
  28 orcs
  3 bats (D:2)
  5 goblins
  7 hobgoblins
  7 jackals
  4 quokkas
  4 frilled lizards
  6 kobolds
  11 rats
157 creatures vanquished.

Vanquished Creatures (others)
  A worker ant zombie (D:7)
1 creature vanquished.

Grand Total: 158 creatures vanquished

Notes
Turn   | Place    | Note
-------+----------+-------------------------------------------
     0 | D:1      | Freyura the Gnoll Fighter began the quest for the Orb.
     0 | D:1      | Reached XP level 1. HP: 23/23 MP: 1/1
   347 | D:1      | Reached XP level 2. HP: 29/29 MP: 2/2
   826 | D:2      | Reached XP level 3. HP: 34/35 MP: 3/3
   991 | D:2      | Reached skill level 1 in Invocations
  1268 | D:2      | Found a shadowy altar of Dithmenos.
  1269 | D:2      | Found a shimmering altar of Xom.
  1280 | D:2      | Reached skill level 1 in Short Blades
  1280 | D:2      | Reached skill level 1 in Long Blades
  1280 | D:2      | Reached skill level 1 in Axes
  1280 | D:2      | Reached skill level 1 in Polearms
  1280 | D:2      | Reached skill level 1 in Staves
  1280 | D:2      | Reached skill level 1 in Slings
  1280 | D:2      | Reached skill level 1 in Bows
  1280 | D:2      | Reached skill level 1 in Crossbows
  1280 | D:2      | Reached skill level 1 in Throwing
  1280 | D:2      | Reached skill level 1 in Dodging
  1280 | D:2      | Reached skill level 1 in Stealth
  1280 | D:2      | Reached skill level 1 in Unarmed Combat
  1280 | D:2      | Reached skill level 1 in Spellcasting
  1280 | D:2      | Reached skill level 1 in Evocations
  1280 | D:2      | Reached XP level 4. HP: 41/41 MP: 5/5
  1415 | D:3      | Reached skill level 1 in Conjurations
  1415 | D:3      | Reached skill level 1 in Hexes
  1415 | D:3      | Reached skill level 1 in Charms
  1415 | D:3      | Reached skill level 1 in Summonings
  1415 | D:3      | Reached skill level 1 in Necromancy
  1415 | D:3      | Reached skill level 1 in Translocations
  1415 | D:3      | Reached skill level 1 in Transmutations
  1415 | D:3      | Reached skill level 1 in Fire Magic
  1415 | D:3      | Reached skill level 1 in Ice Magic
  1415 | D:3      | Reached skill level 1 in Air Magic
  1415 | D:3      | Reached skill level 1 in Earth Magic
  1415 | D:3      | Reached skill level 1 in Poison Magic
  1812 | D:3      | Reached XP level 5. HP: 47/47 MP: 5/7
  1954 | D:3      | Noticed Terence
  1961 | D:3      | Killed Terence
  2313 | D:3      | Reached XP level 6. HP: 51/53 MP: 8/8
  2376 | D:4      | Noticed a sky beast
  2387 | D:3      | Killed a sky beast
  2387 | D:3      | Reached skill level 5 in Maces & Flails
  2459 | D:4      | Reached XP level 7. HP: 43/59 MP: 10/10
  2578 | D:4      | Found a hazy altar of Hepliaklqana.
  2585 | D:4      | Got a glittering iron ring
  2586 | D:4      | Identified the ring of Suspected Treachery {rCorr SInv}
                  | (You found it on level 4 of the Dungeon)
  2587 | D:4      | Found a corrupted altar of Lugonu.
  3138 | D:4      | Reached XP level 8. HP: 12/63 MP: 12/12
  3501 | D:5      | Entered Level 5 of the Dungeon
  3512 | D:5      | Noticed Grinder
  3551 | D:5      | Paralysed by Grinder for 2 turns
  3579 | D:5      | HP: 1/63 [Grinder/nerve-wracking pain (7)]
  3585 | D:5      | Killed Grinder
  3836 | D:5      | Noticed Blork the orc
  3849 | D:5      | Killed Blork the orc
  3874 | D:5      | Found Fozoe's Magic Scroll Shoppe.
  3880 | D:5      | Found Suaworas's Antique Weapon Boutique.
  3881 | D:5      | Noticed Eustachio
  3893 | D:5      | Killed Eustachio
  3948 | D:5      | Bought a runed dire flail for 175 gold pieces
  4046 | D:5      | Found a glowing silver altar of Zin.
  4101 | D:5      | Found Reteri's Antique Weapon Shop.
  4220 | D:5      | Found Cuheg's Food Boutique.
  4346 | D:6      | Found Omamaat's General Store.
  4358 | D:6      | Noticed Sigmund
  4373 | D:6      | Killed Sigmund
  4373 | D:6      | Reached XP level 9. HP: 55/72 MP: 14/14
  4470 | D:6      | Got a brightly glowing leather armour
  4481 | D:6      | Identified the cursed +0 leather armour "Hiddoucs" {rN+}
                  | (You found it on level 6 of the Dungeon)
  4620 | D:6      | Found Ystreothy's Distillery.
  5311 | D:6      | Got a pitted hand axe
  5489 | D:6      | Found a runed translucent gate.
  5489 | D:6      | Found a runed translucent gate.
  5489 | D:6      | Found a runed translucent gate.
  5489 | D:6      | Noticed Beldrama's ghost (novice TrMo)
  5489 | D:6      | Noticed pheathergobbo575's ghost (novice FoFi)
  5716 | D:7      | Reached skill level 5 in Invocations
  6070 | D:7      | Found a staircase to the Lair.
  6071 | D:7      | Noticed a komodo dragon
  6211 | D:7      | Found a sacrificial altar of Ru.
  6287 | D:7      | Reached XP level 10. HP: 80/80 MP: 17/17
  6335 | D:7      | Found a runed door.
  6347 | D:7      | Noticed Crazy Yiuf
  6360 | D:7      | Killed Crazy Yiuf
  6482 | D:7      | Found a staircase to the Ecumenical Temple.
  6491 | Temple   | Entered the Ecumenical Temple
  6497 | Temple   | Became a worshipper of Ashenzari the Shackled
  6631 | D:5      | Bought a glowing eveningstar for 486 gold pieces
  6638 | D:5      | Identified a scroll of acquirement
  6641 | D:5      | Identified the cursed ring "Qauczur" {-Tele MR+ Str+2
                  | Int+4} (You acquired it on level 5 of the Dungeon)
  6645 | D:5      | Identified the +9 hand axe of the Gloaming {antimagic,
                  | Int+5} (You found it on level 6 of the Dungeon)
  6734 | D:7      | Found a sparkling altar of Nemelex Xobeh.
  7384 | D:8      | Noticed a green ugly thing
  7407 | D:8      | HP: 3/80 [green ugly thing (13)]
  7409 | D:8      | Killed a green ugly thing
  7409 | D:8      | Reached skill level 5 in Short Blades
  7409 | D:8      | Reached skill level 5 in Long Blades
  7409 | D:8      | Reached skill level 5 in Axes
  7409 | D:8      | Reached skill level 5 in Polearms
  7409 | D:8      | Reached skill level 5 in Staves
  7409 | D:8      | Reached skill level 5 in Slings
  7409 | D:8      | Reached skill level 5 in Bows
  7409 | D:8      | Reached skill level 5 in Crossbows
  7409 | D:8      | Reached skill level 5 in Throwing
  7409 | D:8      | Reached skill level 5 in Dodging
  7409 | D:8      | Reached skill level 5 in Stealth
  7409 | D:8      | Reached skill level 5 in Unarmed Combat
  7409 | D:8      | Reached skill level 5 in Spellcasting
  7409 | D:8      | Reached skill level 5 in Evocations
  7409 | D:8      | HP: 1/81 [poisoned by a green ugly thing]
  7413 | D:8      | Succumbed to a green ugly thing's poison

Skill      XL: |  1  2  3  4  5  6  7  8  9 10 |
---------------+-------------------------------+-----
Invocations    | 1 2 3 4 5 |  5.5
Short Blades   | 1 2 3 4 5 |  5.0
Long Blades    | 1 2 3 4 5 |  5.0
Axes           | 1 2 3 4 5 |  5.0
Polearms       | 1 2 3 4 5 |  5.0
Staves         | 1 2 3 4 5 |  5.0
Slings         | 1 2 3 4 5 |  5.0
Bows           | 1 2 3 4 5 |  5.0
Crossbows      | 1 2 3 4 5 |  5.0
Throwing       | 1 2 3 4 5 |  5.0
Dodging        | 1 2 3 4 5 |  5.0
Stealth        | 1 2 3 4 5 |  5.0
Unarmed Combat | 1 2 3 4 5 |  5.0
Spellcasting   | 1 2 3 4 5 |  5.0
Evocations     | 1 2 3 4 5 |  5.0
Conjurations   | 1 2 3 4 |  4.1
Hexes          | 1 2 3 4 |  4.1
Charms         | 1 2 3 4 |  4.1
Summonings     | 1 2 3 4 |  4.1
Necromancy     | 1 2 3 4 |  4.1
Translocations | 1 2 3 4 |  4.1
Transmutations | 1 2 3 4 |  4.1
Fire Magic     | 1 2 3 4 |  4.1
Ice Magic      | 1 2 3 4 |  4.1
Air Magic      | 1 2 3 4 |  4.1
Earth Magic    | 1 2 3 4 |  4.1
Poison Magic   | 1 2 3 4 |  4.1
Maces & Flails | 5 6 |  6.8
Fighting       | 7 8 |  8.3
Armour         | 7 8 |  8.3
Shields        | 7 8 |  8.3

Action                   |  1- 3 |  4- 6 |  7- 9 | 10-12 || total
-------------------------+-------+-------+-------+-------++-------
Melee: Flail             |    77 |       |       |       ||    77
       Bite              |     9 |    15 |    56 |     6 ||    86
       Morningstar       |    26 |   108 |   192 |       ||   326
       Dire flail        |       |       |   207 |    46 ||   253
Invok: Curse Item        |       |       |       |     5 ||     5
  Use: Potion            |       |       |     8 |     1 ||     9
       Scroll            |       |       |       |    10 ||    10
 Stab: Sleeping          |       |       |       |     2 ||     2
  Eat: Chunk             |     1 |     4 |     6 |       ||    11
       Ration            |       |       |     2 |     1 ||     3
Armor: Scale mail        |    35 |    31 |       |       ||    66
       Chain mail        |       |    18 |   166 |       ||   184
       Skin              |       |       |     1 |     2 ||     3
       Leather armour    |       |       |    71 |    19 ||    90
Dodge: Dodged            |    22 |    29 |   237 |    29 ||   317
Block: Shield            |    42 |    62 |   145 |       ||   249
